Map: Terrasses de Prion

Players

MaesioW

  • Race: Protoss Protoss
  • League: Master

Faith - Winner!

  • Race: Zerg Zerg
  • League: Master

VOD

Have the link to the VOD?

Description

Time

  • Played on: Jan. 21, 2016, 1:36 p.m.
  • Length: 9:10
Show
View Real Time Build Order
Export as new Build Order

MaesioW Protoss 

Build Orders: 1 Gate Expand 

Get SALT Encoding   

  12  0:01  Probe (Chrono Boost)  
  13  0:11  Probe (Chrono Boost)  
  14  0:18  Pylon  
  14  0:22  Probe (Chrono Boost)  
  15  0:36  Probe (Chrono Boost)  
  16  0:47  Probe (Chrono Boost)  
  17  0:52  Pylon  
  17  0:56  Gateway  
  17  0:58  Probe (Chrono Boost)  
  18  1:07  Assimilator  
  18  1:09  Probe (Chrono Boost)  
  19  1:19  Probe (Chrono Boost)  
  20  1:29  Nexus  
  20  1:38  Pylon  
  21  1:40  Probe (Chrono Boost)  
  21  1:49  Cybernetics Core  
  21  1:52  Probe (Chrono Boost)  
  22  1:57  Assimilator  
  22  2:02  Probe (Chrono Boost)  
  23  2:13  Probe (Chrono Boost)  
  24  2:25  Mothership Core (Chrono Boost)  
  24  2:28  Warp Gate (Chrono Boost)  
  26  2:34  Pylon  
  26  2:42  Probe (Chrono Boost)  
  26  2:44  Probe (Chrono Boost)  
  28  2:50  Pylon  
  28  2:53  Probe (Chrono Boost)  
  28  2:54  Probe (Chrono Boost)  
  28  2:55  Stalker  
  32  3:03  Probe (Chrono Boost)  
  32  3:05  Probe (Chrono Boost)  
  34  3:06  Pylon  
  34  3:11  Gateway  
  34  3:14  Probe (Chrono Boost)  
  35  3:21  Gateway  
  35  3:22  Probe (Chrono Boost)  
  35  3:24  Probe (Chrono Boost)  
  37  3:33  Probe x2  
  38  3:35  Adept  
  41  3:44  Probe  
  41  3:45  Probe  
  43  3:50  Pylon  
  43  3:51  Pylon  
  43  3:53  Gateway  
  33  4:06  Adept  
  20  4:28  Zealot x2  
  20  4:31  Pylon  
  24  4:52  Sentry x3  
  30  4:55  Sentry  
  30  4:56  Probe  
  30  4:57  Probe  
  34  5:06  Probe  
  34  5:10  Probe  
  36  5:15  Pylon  
  36  5:17  Probe (Chrono Boost)  
  37  5:22  Probe (Chrono Boost)  
  38  5:29  Probe (Chrono Boost)  
  38  5:33  Probe (Chrono Boost)  
  40  5:37  Stalker  
  40  5:40  Probe (Chrono Boost)  
  43  5:44  Probe (Chrono Boost)  
  44  5:50  Probe (Chrono Boost)  
  44  5:54  Probe (Chrono Boost)  
  46  6:00  Zealot x2  
  46  6:01  Probe (Chrono Boost)  
  46  6:02  Zealot  
  53  6:05  Probe (Chrono Boost)  
  54  6:15  Pylon  
  54  6:17  Zealot  
  56  6:21  Stalker  
  58  6:30  Probe x2 (Chrono Boost)  
  60  6:37  Zealot x2  
  64  6:40  Pylon  
  64  6:47  Pylon  
  64  6:49  Probe (Chrono Boost)  
  64  6:53  Probe (Chrono Boost)  
  66  6:59  Probe (Chrono Boost)  
  66  7:00  Robotics Facility  
  67  7:01  Twilight Council  
  67  7:03  Assimilator  
  67  7:04  Probe (Chrono Boost)  
  68  7:10  Probe (Chrono Boost)  
  68  7:14  Probe (Chrono Boost)  
  70  7:21  Nexus  
  69  7:35  Probe (Chrono Boost)  
  70  7:37  Probe (Chrono Boost)  
  70  7:41  Dark Shrine  
  70  7:43  Stalker  
  73  7:47  Immortal (Chrono Boost)  
  77  7:51  Probe  
  78  8:06  Pylon  
  78  8:07  Pylon  
  78  8:11  Assimilator  
  78  8:12  Gateway  
  78  8:14  Gateway, Pylon  
  78  8:23  Probe  
  78  8:24  Probe  
  78  8:25  Observer (Chrono Boost)  
  81  8:27  Nexus  
  81  8:29  Pylon  
  81  8:33  Probe  
  81  8:34  Pylon  
  81  8:36  Probe  
  83  8:44  Probe  
  83  8:47  Stalker x2  
  83  8:48  Stalker, Probe  
  86  8:59  Dark Templar  
  72  9:03  Dark Templar  
Show
View Real Time Build Order
Export as new Build Order

Faith Zerg - Winner!

Build Orders: Pool First 

Get SALT Encoding   

  12  0:02  Drone  
  13  0:13  Overlord  
  13  0:18  Drone  
  14  0:31  Drone x2  
  17  0:35  Drone  
  17  0:52  Spawning Pool  
  17  0:53  Drone  
  17  0:54  Extractor  
  17  0:57  Drone  
  17  1:17  Hatchery  
  17  1:25  Drone  
  17  1:39  Zergling x4  
  19  1:42  Queen  
  19  1:47  Overlord  
  21  1:53  Drone  
  22  1:59  Metabolic Boost  
  22  2:06  Drone  
  23  2:13  Drone  
  24  2:23  Overlord  
  24  2:29  Queen  
  26  2:30  Drone  
  26  2:33  Evolution Chamber  
  26  2:43  Zergling x6  
  29  2:55  Zergling x8  
  32  3:07  Zergling x4  
  34  3:15  Zergling x4  
  36  3:29  Zergling x10  
  40  3:46  Drone  
  40  3:47  Drone x3  
  43  4:04  Zergling x2  
  44  4:14  Zergling x4  
  43  4:19  Hatchery  
  37  4:32  Drone  
  37  4:33  Drone x4  
  40  4:49  Drone x4  
  40  4:50  Overlord x3  
  40  4:51  Extractor  
  43  4:53  Lair  
  43  4:56  Extractor x2  
  38  5:07  Drone x2, Roach Warren  
  39  5:19  Zerg Missile Weapons Level 1  
  39  5:20  Drone x4  
  43  5:22  Drone  
  44  5:33  Queen  
  45  5:49  Drone x3  
  49  5:50  Drone  
  49  5:52  Roach x3  
  49  5:54  Overlord  
  55  5:57  Glial Reconstitution  
  55  6:01  Roach  
  55  6:02  Roach  
  59  6:09  Roach x3  
  65  6:18  Roach x3  
  71  6:19  Roach  
  73  6:28  Roach x3  
  73  6:29  Roach  
  81  6:32  Overlord  
  81  6:33  Overlord  
  81  6:38  Overlord  
  81  6:55  Ravager  
  81  6:56  Ravager x6  
  81  6:57  Zergling x2  
  81  6:58  Zergling x20  
  99  7:08  Roach x3  
  105  7:16  Overlord  
  105  7:17  Overlord x3  
  105  7:40  Spire  
  105  7:44  Drone x7, Extractor  
  109  7:48  Hatchery  
  106  8:01  Roach  
  106  8:02  Roach x6  
  117  8:11  Overlord x3  
  117  8:14  Overseer  
  117  8:19  Ravager x2  
  120  8:20  Ravager  
  120  8:21  Zergling x6  
  120  8:22  Zergling x2  
  124  8:30  Roach x3  
  130  8:36  Zergling x12  
Tags
 
Add a new tag
Caveats
  • Supply blocks, unpowered buildings, or Contaminate may cause inaccurate times.
  • Supply counts are checked every 10 seconds.